Map: Cyber Forest LE

Players

ROGMeomaika (MeomaikA)

  • Race: Zerg Zerg
  • League: Master
  • Spawn Location: 5:00

JonSnow - Winner!

  • Race: Zerg Zerg
  • League: Grandmaster
  • Spawn Location: 11:00

Event: 2019 WCS Winter Americas

VOD

Have the link to the VOD?

Description

Time

  • Played on: Feb. 8, 2019, 2 p.m.
  • Length: 7:27

All games in this series

Show
View Real Time Build Order
Export as new Build Order

ROGMeomaika Zerg 

Build Orders: Hatch First, Zergling Baneling 

Get SALT Encoding   

  12  0:01  Drone  
  13  0:08  Drone  
  14  0:17  Extractor, Drone  
  15  0:26  Overlord  
  15  0:44  Drone x2  
  15  0:45  Drone  
  18  0:54  Hatchery  
  17  1:07  Spawning Pool  
  17  1:11  Drone  
  17  1:13  Extractor  
  17  1:16  Drone  
  17  1:20  Drone  
  18  1:29  Overlord  
  18  1:43  Drone  
  19  1:50  Drone  
  19  1:54  Queen  
  20  2:00  Drone  
  23  2:06  Queen, Drone  
  26  2:11  Drone  
  26  2:12  Metabolic Boost  
  27  2:17  Drone  
  27  2:21  Drone  
  29  2:36  Hatchery  
  28  2:40  Baneling Nest  
  28  2:42  Drone  
  28  2:44  Drone  
  28  2:46  Drone  
  28  2:50  Zergling x2  
  31  2:52  Zergling x2  
  31  2:54  Zergling x2  
  33  3:00  Overlord  
  33  3:03  Zergling x2  
  33  3:04  Drone  
  35  3:08  Drone  
  35  3:12  Overlord  
  36  3:15  Extractor  
  36  3:16  Drone  
  37  3:20  Zergling x4  
  37  3:21  Zergling x2  
  37  3:23  Zergling x2  
  37  3:26  Zergling x2  
  42  3:30  Baneling x4  
  42  3:32  Zergling x2  
  43  3:36  Zergling x2  
  43  3:38  Zergling x2  
  44  3:47  Zergling x6  
  46  3:50  Zergling x4  
  46  3:51  Zergling x2  
  49  3:57  Zergling x4  
  49  3:59  Baneling x2  
  50  4:05  Zergling x2  
  50  4:06  Zergling x2  
  50  4:08  Queen  
  50  4:09  Zergling x4  
  52  4:14  Baneling x3  
  52  4:15  Baneling x2  
  52  4:16  Drone  
  50  4:17  Drone  
  50  4:19  Drone  
  49  4:31  Drone  
  49  4:33  Baneling x2  
  49  4:34  Zergling x8  
  49  4:36  Zergling x2  
  50  4:41  Zergling x2  
  50  4:42  Zergling x4  
  50  4:44  Drone  
  54  4:47  Baneling, Zergling x4  
  54  4:52  Zergling x4  
  54  5:02  Drone  
  54  5:03  Drone x3  
  54  5:06  Drone  
  57  5:07  Drone  
  57  5:10  Roach Warren  
  57  5:13  Zergling x2  
  58  5:16  Overlord x2  
  58  5:18  Overlord  
  55  5:29  Zergling x4  
  55  5:33  Zergling x6  
  57  5:37  Zergling x4, Drone  
  57  5:38  Drone  
  57  5:39  Drone  
  57  5:42  Baneling x2, Zergling x2  
  56  5:43  Zergling x4  
  56  5:46  Zergling x2  
  56  5:48  Baneling x2, Zergling x2  
  60  5:51  Zergling x4  
  60  5:52  Zergling x2  
  60  5:53  Zergling x2  
  63  5:58  Roach  
  63  6:01  Roach  
  63  6:02  Drone  
  68  6:09  Drone  
  68  6:10  Drone x3  
  68  6:12  Drone  
  68  6:14  Extractor  
  68  6:15  Drone  
  68  6:18  Drone x2  
  71  6:23  Drone  
  71  6:24  Drone x2  
  71  6:25  Drone  
  72  6:33  Zergling x2  
  72  6:34  Roach  
  72  6:36  Roach  
  72  6:39  Roach x2  
  81  6:44  Roach x2  
  81  6:45  Roach  
  79  6:47  Spine Crawler  
  79  6:48  Spine Crawler  
  79  6:51  Zergling x2  
  73  6:54  Roach, Zergling x6  
  78  7:01  Zergling x2  
  78  7:05  Zergling x2  
  78  7:06  Zergling x2  
  78  7:07  Zergling x4  
  78  7:08  Zergling x2  
Show
View Real Time Build Order
Export as new Build Order

JonSnow Zerg - Winner!

Build Orders: Hatch First, Zergling Baneling 

Get SALT Encoding   

  12  0:00  Drone  
  13  0:13  Overlord  
  13  0:17  Drone  
  14  0:31  Drone  
  14  0:34  Drone  
  16  0:36  Drone  
  17  0:53  Hatchery  
  17  0:56  Drone  
  17  0:59  Drone  
  18  1:10  Extractor  
  17  1:14  Spawning Pool  
  17  1:17  Drone  
  17  1:20  Drone  
  18  1:28  Drone  
  19  1:39  Drone  
  20  1:49  Overlord  
  20  2:01  Queen  
  20  2:05  Queen  
  24  2:10  Metabolic Boost, Drone x2  
  24  2:13  Drone  
  27  2:16  Drone  
  27  2:22  Drone  
  29  2:26  Zergling x2  
  30  2:38  Hatchery  
  30  2:44  Baneling Nest  
  28  2:47  Drone x2  
  28  2:50  Overlord  
  30  2:53  Drone  
  30  2:56  Zergling x2  
  32  3:02  Overlord  
  32  3:13  Zergling x10  
  37  3:22  Zergling x8  
  41  3:32  Baneling  
  41  3:33  Baneling  
  41  3:35  Zergling x6  
  41  3:36  Queen  
  41  3:40  Baneling x2  
  45  3:47  Zergling x2  
  45  3:51  Zergling x10  
  45  3:53  Baneling  
  47  4:03  Zergling x2  
  47  4:09  Drone  
  47  4:10  Drone x4  
  49  4:18  Baneling x2  
  48  4:25  Baneling  
  44  4:37  Zergling x16  
  50  4:42  Drone  
  50  4:43  Extractor  
  50  4:44  Roach Warren  
  48  4:46  Zergling x10  
  48  4:47  Baneling  
  50  5:06  Baneling x3  
  48  5:10  Drone x2  
  48  5:11  Drone x7  
  57  5:14  Extractor  
  57  5:15  Drone x2  
  58  5:24  Zergling x4  
  58  5:27  Overlord  
  58  5:28  Overlord  
  57  5:30  Overlord  
  55  5:43  Roach  
  55  5:44  Overlord  
  55  5:45  Baneling x3  
  55  5:46  Baneling  
  55  5:59  Roach x5  
  55  6:04  Roach x2  
  69  6:10  Overlord  
  68  6:12  Roach x2  
  72  6:20  Roach x3  
  78  6:30  Roach x3  
  84  6:36  Overlord  
  84  6:37  Overlord  
  84  6:42  Zergling x14  
  88  6:52  Zergling x2  
  82  7:01  Roach x3  
  82  7:02  Roach, Zergling x4  
  87  7:08  Zergling x2  
  87  7:09  Zergling x4  
  88  7:22  Ravager  
  88  7:24  Ravager  
Tags
 
Add a new tag
Caveats
  • Supply blocks, unpowered buildings, or Contaminate may cause inaccurate times.
  • Supply counts are checked every 10 seconds.